Map: Purity and Industry LE

Players

AGOElazer (Elazer)

  • Race: Zerg Zerg
  • League: Grandmaster
  • Spawn Location: 12:00

TLHarstem (Harstem) - Winner!

  • Race: Protoss Protoss
  • League: Master
  • Spawn Location: 3:00

VOD

https://www.youtube.com/watch?v=8mL7dMpMvnA&t=1s

Description

Hartem's exection and analysis of Zest's Gladept build. This one has some improvements over the one that Zest did at IEM.

Time

  • Played on: April 20, 2020, 4:36 p.m.
  • Length: 4:59
Show
View Real Time Build Order
Export as new Build Order

AGOElazer Zerg 

Build Orders: Hatch First 

Get SALT Encoding   

  12  0:00  Drone  
  13  0:12  Overlord  
  13  0:17  Drone  
  14  0:30  Drone x2  
  16  0:45  Drone x2  
  18  0:55  Hatchery  
  17  0:58  Drone  
  17  1:02  Extractor  
  17  1:06  Drone  
  18  1:17  Drone  
  19  1:29  Drone, Spawning Pool  
  19  1:39  Drone  
  20  1:50  Drone  
  21  1:59  Overlord  
  21  2:11  Drone x2  
  23  2:16  Queen x2  
  23  2:20  Drone  
  23  2:22  Drone  
  29  2:24  Metabolic Boost  
  29  2:30  Drone  
  29  2:35  Hatchery  
  29  2:37  Zergling x2  
  29  2:40  Zergling x2  
  31  2:46  Overlord  
  31  2:51  Zergling x2  
  32  2:55  Queen  
  34  3:04  Drone  
  36  3:05  Drone  
  36  3:15  Drone  
  36  3:16  Drone x2  
  39  3:23  Overlord  
  39  3:25  Drone  
  39  3:26  Drone x2, Spore Crawler  
  39  3:27  Drone  
  42  3:29  Lair  
  42  3:35  Queen  
  42  3:40  Overlord  
  45  3:41  Drone  
  45  3:44  Drone  
  46  3:49  Overlord, Drone  
  47  4:00  Zergling x2  
  47  4:01  Zergling x8  
  52  4:06  Extractor  
  52  4:08  Roach Warren  
  50  4:12  Zergling x2  
  50  4:13  Zergling x6  
  54  4:17  Overlord  
  54  4:21  Drone x3  
  57  4:25  Drone  
  57  4:29  Overlord  
  57  4:31  Drone x2  
  59  4:32  Overseer  
  59  4:35  Overlord  
  59  4:40  Overlord  
Show
View Real Time Build Order
Export as new Build Order

TLHarstem Protoss - Winner!

Build Orders: 1 Gate Expand, Mass Adepts 

Get SALT Encoding   

  12  0:01  Probe  
  13  0:14  Pylon  
  13  0:18  Probe (Chrono Boost)  
  14  0:28  Probe (Chrono Boost)  
  15  0:33  Probe (Chrono Boost)  
  16  0:42  Gateway  
  16  0:44  Probe  
  16  0:49  Assimilator  
  17  0:56  Probe  
  18  1:08  Probe  
  19  1:20  Probe  
  20  1:27  Nexus  
  20  1:36  Cybernetics Core  
  20  1:38  Probe  
  21  1:45  Assimilator  
  21  1:51  Probe  
  22  2:00  Pylon  
  22  2:06  Probe  
  23  2:15  Adept (Chrono Boost)  
  23  2:17  Warp Gate  
  23  2:18  Probe  
  26  2:26  Twilight Council  
  26  2:30  Probe  
  27  2:37  Stalker  
  27  2:42  Probe  
  27  2:43  Probe  
  31  2:55  Probe  
  31  2:56  Robotics Facility, Probe  
  33  3:06  Resonating Glaives (Chrono Boost)  
  33  3:07  Gateway, Probe  
  33  3:08  Probe  
  36  3:20  Probe  
  36  3:25  Adept  
  38  3:30  Gateway  
  38  3:32  Gateway  
  38  3:40  Warp Prism (Chrono Boost)  
  40  3:49  Probe  
  40  3:50  Pylon  
  40  3:53  Probe  
  42  3:57  Pylon  
  42  4:05  Adept x2  
  42  4:08  Probe x2  
  48  4:21  Pylon, Probe x2  
  50  4:24  Adept  
  50  4:29  Adept x3  
  58  4:33  Probe x2  
  61  4:45  Probe  
  62  4:50  Pylon  
  62  4:52  Adept x4  
Tags
 
Add a new tag
Caveats
  • Supply blocks, unpowered buildings, or Contaminate may cause inaccurate times.
  • Supply counts are checked every 10 seconds.